 Dungeon Crawl Stone Soup version 0.29.1-15-g9cfb28693d (webtiles) character file.

Game seed: 11365898281061494359

9 croobank the Sneak (level 2, 0/21 HPs)
             Began as an Octopode Delver on Feb 23, 2023.
             Succumbed to an adder's poison
             ... on level 5 of the Dungeon.
             The game lasted 00:01:34 (132 turns).

croobank the Sneak (Octopode Delver)                 Turns: 132, Time: 00:01:35

Health: 0/21       AC:  1    Str: 11    XL:     2   Next: 12%
Magic:  2/2        EV: 13    Int: 12    God:
Gold:   18         SH:  0    Dex: 13    Spells: 1/1 levels left

rFire   . . .      SeeInvis .   a - +0 hand axe
rCold   . . .      Faith    .   (no shield)
rNeg    . . .      Spirit   .   (helmet restricted)
rPois   .          Reflect  .   (no amulet)
rElec   .          Harm     .   (no ring)
rCorr   .          Rampage  .   (no ring)
Will    .....                   (no ring)
Stlth   ++++......              (no ring)
HPRegen 0.07/turn               (no ring)
MPRegen 0.08/turn               (no ring)
                                (no ring)
                                (no ring)

@: lethally poisoned (0 -> -1)
A: almost no armour, amphibious, 8 rings, camouflage 1, gelatinous body 1,
(nimble swimmer 1), tentacles
a: no special abilities


You were on level 5 of the Dungeon.
You visited 1 branch of the dungeon, and saw 3 of its levels.

You collected 18 gold pieces.

Inventory:

Hand Weapons
 a - a +0 hand axe (weapon)
Wands
 f - a wand of digging (3)
Scrolls
 b - a scroll of fog
 d - a scroll of fear
Potions
 e - a potion of haste


   Skills:
 + Level 3.1 Fighting
 + Level 2.2 Axes
 + Level 2.2 Dodging
 + Level 6.7 Stealth


You had one spell level left.
You didn't know any spells.
Your spell library was empty.

Dungeon Overview and Level Annotations

Branches:
Dungeon (6/15)             Temple (0/1) D:5

Altars:
Cheibriados
Kikubaaqudgha

Shops:
D:5 [[


Innate Abilities, Weirdness & Mutations

You cannot wear most types of armour.
You are amphibious.
You can wear up to eight rings at the same time.
Your skin changes colour to match your surroundings (Stealth+).
Your rubbery body absorbs attacks. (AC +1, EV +1)
((You are camouflaged when in or above water. (Stealth+)))
You have tentacles for arms and can constrict up to eight enemies at once.


Message History

Found a ring mail.
There is an entrance to Catad's Armour Shop here.
Found 11 gold pieces.
Found a ring mail.
You now have 18 gold pieces (gained 11).
An adder comes into view.
The helpless adder fails to defend itself.
You hit the adder. Your grab misses the adder.
The adder is lightly wounded.
The adder bites you.
You are poisoned.
The adder poisons you! The adder bites you.
You are lethally poisoned!
The adder poisons you!
You hit the adder. Your grab misses the adder. Your squeeze misses the adder.
The adder is severely wounded.
You feel very sick. The adder completely misses you.
You hit the adder.
You kill the adder!
You feel sick.
You have reached level 2!
There is a lethal amount of poison in your body!
* * * LOW HITPOINT WARNING * * *
You feel sick.
Okay, then.
As you read the scroll labelled WITREE XOIGE, it crumbles to dust.
It is a scroll of identify.
You don't have any unidentified items.
* * * LOW HITPOINT WARNING * * *
You feel sick.
Unknown command.
* * * LOW HITPOINT WARNING * * *
You feel sick.
* * * LOW HITPOINT WARNING * * *
You feel sick.
An iguana comes into view.
* * * LOW HITPOINT WARNING * * *
You feel sick.
You die...

*****,,,** **,,,,***,....###* #.
,,**,,,,,** *,,,,,,,....** ##.
,,,,,,,,,,****,,**,,...Ol* #..
****,,,,,,,**,,<,.##.....# ##.. *
**,,,,,,,,,,,,........# #...
**,,,,,,,**,,........# ##... **
*,,,,<,****##.....[.####.... ,**
**,,,**,,* ##......#..#......
,,***,,,***,,*##@....##.......###
,,,*,,,** *#.##.....##...$...##
**,,,,** #............#.....###
**,,,* #...........###.∩....#
**,** ##...###...## #....... *,,*
#..##* ##..# ##...... *,,***
*#.#* #..# ###...... **,.,**#..*
##..###........ **,..,,,..,**
*#.........#####


You could see an ogre (asleep).

Vanquished Creatures
  An adder (D:5)
1 creature vanquished.

Notes
Turn   | Place    | Note
-------+----------+-------------------------------------------
     0 | D:5      | croobank the Octopode Delver began the quest for the Orb.
     0 | D:5      | Reached XP level 1. HP: 16/16 MP: 1/1
    29 | D:6      | Noticed a scorpion
    49 | D:5      | Noticed an ogre
    68 | D:4      | Found an ancient bone altar of Kikubaaqudgha.
    68 | D:4      | Found a snail-covered altar of Cheibriados.
    97 | D:5      | Found Catad's Armour Shop.
   127 | D:5      | Reached XP level 2. HP: 7/21 MP: 2/2
   131 | D:5      | HP: 1/21 [poisoned by an adder]
   132 | D:5      | Succumbed to an adder's poison

Illustrated notes

Levels and vault maps discovered:
D:4:      layout_basic, nicolae_overflow_hidden_temple,
          kennysheep_generic_room_8, uniq_grinder
D:5:      layout_layer_cave, minmay_temple_entry_crystal_x, serial_shops, shop,
          shop, nicolae_take_the_stairs, nicolae_shop_advertising_works
          [nicolae_subvault_shop_adworks], shop, uniq_prince_ribbit1
D:6:      layout_loops_cross, mainiacjoe_overflow_chevrons, serial_shops, shop

Action                   || total
-------------------------++-------
Melee: Hand axe          ||     3
  Use: Scroll            ||     2
 Stab: Sleeping          ||     1
Dodge: Dodged            ||     1
